 Dungeon Crawl Stone Soup version 0.26-a0-708-g17f3b190f9 (webtiles) character file.

Game seed: 302501570403159477

191 Picvukin the Poker (level 5, 12/41 HPs)
             Began as a Merfolk Gladiator on Oct 27, 2020.
             Quit the game on level 5 of the Dungeon.
             The game lasted 00:17:58 (2419 turns).

Picvukin the Poker (Merfolk Gladiator)              Turns: 2419, Time: 00:17:58

Health: 12/41      AC:  4    Str: 14    XL:     5   Next: 70%
Magic:  4/4        EV: 15    Int:  9    God:
Gold:   116        SH:  0    Dex: 15    Spells: 4/4 levels left

rFire    . . .     SeeInvis .   a - +0 trident
rCold    + . .     Faith    .   (no shield)
rNeg     . . .     Spirit   .   b - +0 leather armour
rPois    .         Reflect  .   c - +0 helmet
rElec    .         Harm     .   (no cloak)
rCorr    .         Rampage  .   (no gloves)
MR       .....                  (no boots)
Stlth    ++........             (no amulet)
HPRegen  0.13/turn              (no ring)
MPRegen  0.09/turn              (no ring)

@: no status effects
A: change form in water, swift swim, stealthy swim, cold resistance 1, low mp 1,
MP-powered wands
a: no special abilities


You were on level 5 of the Dungeon.
You visited 1 branch of the dungeon, and saw 5 of its levels.

You collected 116 gold pieces.

Inventory:

Hand Weapons
 a - a +0 trident (weapon)
Missiles
 d - 2 throwing nets (quivered)
Armour
 b - a +0 leather armour (worn)
 c - a +0 helmet (worn)
Jewellery
 g - an uncursed ring of magical power {unknown}
Wands
 k - a wand of polymorph (10)
Scrolls
 e - 2 scrolls of amnesia {unknown}
 i - 2 scrolls of identify {unknown}
 j - a scroll of immolation {unknown}
 o - a scroll of remove curse {unknown}
Potions
 f - a potion of mutation
 h - a potion of brilliance {unknown}
 l - a potion of degeneration {unknown}
 m - a potion of lignification {unknown}
 n - a potion of cancellation {unknown}
 p - 3 potions of stabbing {unknown}


   Skills:
 + Level 3.2 Fighting
 * Level 6.2 Polearms
 - Level 2.0 Throwing
 * Level 5.7 Dodging
 + Level 2.1 Stealth


You had 4 spell levels left.
You didn't know any spells.
Your spell library was empty.

Dungeon Overview and Level Annotations

Branches:
Dungeon (5/15)
 Temple: D:4-7

Altars:

Annotations:
D:2 Natasha
D:3 Sigmund


Innate Abilities, Weirdness & Mutations

You revert to your normal form in water.
You are very nimble and swift while swimming.
You are very stealthy in the water. (Stealth+)
Your flesh is cold resistant. (rC+)
Your magical capacity is low. (-10% MP)
You expend magic power (3 MP) to strengthen your wands.


Message History

You feel your magical essence link to the dungeon's wands.
You feel resistant to cold.
The phantom blinks!
Found 4 gold pieces.
Found an encrusted ruby ring.
The phantom blinks!
The phantom blinks!
A leopard gecko comes into view.
There is a stone staircase leading down here.
The phantom blinks!
You climb downwards.
A sky beast comes into view.
Found a hardcover book.
There is a stone staircase leading up here.
The sky beast flickers out of sight!
Deactivating autopickup; reactivate with Ctrl-A.
A phantom comes into view.
Found 24 stones.
Okay, then.
Are you sure you want to abandon this character and quit the game? (Confirm with "yes".)

..: #.. #.#
#.# #######.#
#...{..<#
#.#######
######### #.#
...W...@####.#
(######......#
########


You could see a phantom.

Vanquished Creatures
  A howler monkey (D:4)
  2 worker ants (D:4)
  4 adders
  2 worms (D:3)
  2 leopard geckos (D:3)
  2 ball pythons
  4 giant cockroaches
  4 hobgoblins
  10 jackals
  2 quokkas
  7 bats
  4 frilled lizards
  8 goblins
  3 kobolds
  8 rats
63 creatures vanquished.

Notes
Turn   | Place    | Note
-------+----------+-------------------------------------------
     0 | D:1      | Picvukin the Merfolk Gladiator began the quest for the Orb.
     0 | D:1      | Reached XP level 1. HP: 16/16 MP: 1/1
   130 | D:1      | Reached XP level 2. HP: 23/23 MP: 2/2
   536 | D:2      | Noticed Natasha
   626 | D:1      | Reached skill level 1 in Stealth
   727 | D:2      | Reached skill level 5 in Polearms
   727 | D:2      | Reached XP level 3. HP: 24/28 MP: 3/3
  1125 | D:2      | Reached XP level 4. HP: 21/34 MP: 4/4
  1358 | D:3      | Reached skill level 5 in Dodging
  2106 | D:3      | Noticed Sigmund
  2190 | D:4      | Reached skill level 6 in Polearms
  2190 | D:4      | Reached XP level 5. HP: 41/41 MP: 5/5
  2292 | D:4      | Noticed a phantom
  2377 | D:4      | Gained mutation: Your magical capacity is low. (-10% MP)
                  | [potion of mutation]
  2377 | D:4      | Gained mutation: You expend magic power (3 MP) to
                  | strengthen your wands. [potion of mutation]
  2377 | D:4      | Gained mutation: Your flesh is cold resistant. (rC+)
                  | [potion of mutation]
  2405 | D:5      | Entered Level 5 of the Dungeon
  2405 | D:5      | Noticed a sky beast
  2417 | D:5      | Noticed a phantom
  2419 | D:5      | Quit the game

Illustrated notes

Levels and vault maps discovered:
D:1:      nicolae_arrival_memento_mori, layout_basic
D:2:      layout_loops_cross, uniq_natasha, uniq_jessica, uniq_robin
D:3:      layout_basic, uniq_terence, uniq_sigmund
D:4:      cheibrodos_barr_body, layout_basic
D:5:      layout_loops_ring, grunt_temple_overflow_open,
          trog_three_pillars_becter

Skill      XL: |  1  2  3  4  5 |
---------------+----------------+-----
Stealth        | 1 2 |  2.1
Polearms       | 5 6 |  6.2
Dodging        | 5 |  5.7
Fighting       | 3 |  3.2
Throwing       | |  2.0

Action                   |  1- 3 |  4- 6 || total
-------------------------+-------+-------++-------
Melee: Trident           |   142 |   116 ||   258
Throw: Throwing net      |     3 |     2 ||     5
  Use: Potion            |       |     1 ||     1
 Stab: Sleeping          |     2 |     2 ||     4
       Held in net/web   |       |     2 ||     2
Armor: Leather armour    |    25 |    12 ||    37
Dodge: Dodged            |    83 |    62 ||   145

Table legend: (Time is in decaauts)
 A = Elapsed time spent in this place.
 B = Non-inter-level travel time spent in this place.
 C = Inter-level travel time spent in this place.
 D = Time resting spent in this place.
 E = Time spent auto-exploring this place.
 F = Levels seen in this place.
 G = Mean time per level.
                   A        B        C        D        E       F      G
               +--------+--------+--------+--------+--------+-----+--------+
         Total |   2429 |   2211 |    218 |      0 |   1387 |   5 |  485.8 |
       Dungeon |   2429 |   2211 |    218 |      0 |   1387 |   5 |  485.8 |
               +--------+--------+--------+--------+--------+-----+--------+

Top non-repeatable levels by time:
     D:3: 918 daAuts
     D:1: 659 daAuts
     D:2: 596 daAuts
     D:4: 242 daAuts
     D:5: 13 daAuts
